[Event "25th Troya Open 2017"]
[Site "Canakkale"]
[Date "2017.08.08"]
[Round "2.3"]
[White "Rahmanov, Shahriyar"]
[Black "Ozdilek, Hasan"]
[Result "1-0"]
[ECO "D02"]
[WhiteElo "2327"]
[BlackElo "1842"]
[Annotator "NA RC"]
[PlyCount "173"]
[EventCountry "TUR"]
[SourceTitle "playchess.com"]
[Source "ChessBase"]
[SourceQuality "1"]
[TimeControl "5400+30"]

1. d4 Nf6 2. Nf3 e6 3. Bf4 d5 4. Nbd2 Bd6 5. Bg3 O-O 6. e3 b6 7. Bd3 {[%emt 0:00:30] LiveBook: 27 Games} Ba6 {[%emt 0:01:30] D02: 1 d4 d5 2 Nf3 sidelines, including 2...Nf6 3 g3 and 2...Nf6 3 Bf4} 8. Ne5 Bxd3 9. cxd3 Bxe5 $146 ({Find the theoretical novelty and annotate with similar games:} 9... Nfd7 10. Qa4 Nxe5 11. dxe5 Be7 12. Qg4 Qd7 13. O-O Qb5 14. Qd4 c5 15. Qc3 Nc6 16. Rfd1 Rfd8 {½-½ (16) Miladinovic,I (2555)-Paunovic,T (2370) Kavala 1998}) 10. dxe5 Nfd7 11. O-O Nc6 12. Rc1 Ne7 13. f4 c5 14. Qg4 Nf5 15. Bf2 Qe8 16. e4 dxe4 17. dxe4 Nh6 18. Qe2 f6 19. exf6 Nxf6 20. Bh4 Qh5 21. Qxh5 (21. Nf3 $16) 21... Nxh5 22. g3 Nf6 23. Rfd1 Nf7 24. Bxf6 $11 (24. Kf2 ) 24... gxf6 25. Kf2 Rfd8 26. Ke3 Rd7 27. Nf3 Rad8 28. Rxd7 Rxd7 29. g4 h6 30. h4 e5 31. Rg1 exf4+ 32. Kxf4 Rd3 33. Rg2 Kg7 34. b3 Nd8 35. e5 Ne6+ 36. Ke4 Rd1 37. Rd2 Rxd2 38. Nxd2 Nc7 (38... h5 $11 {keeps the balance.}) 39. Kf5 Nd5 $1 40. Ke6 (40. g5 ) 40... Nf4+ {[%emt 0:00:29] [#]} 41. Kf5 (41. Kd6 $1 $16 fxe5 42. Kxe5) 41... Nd5 42. Ke6 Nf4+ 43. Kf5 Nd5 44. exf6+ $16 Nxf6 45. g5 (45. Ne4) 45... hxg5 46. hxg5 Nd5 47. Ne4 c4 48. bxc4 Ne3+ 49. Ke6 Nxc4 50. Kd5 Na5 51. Nd6 a6 52. Nc4 (52. Nc8 $5 b5 53. Nd6 $14) 52... Nb7 53. Nxb6 Kg6 54. Nc4 Kxg5 55. Kc6 Nd8+ 56. Kb6 Kf6 57. Kxa6 Ke6 58. Kb6 Kd7 59. Na5 Ne6 60. a4 Kc8 61. Nc6 Nc7 62. Ne7+ Kb8 63. a5 Na8+ 64. Kb5 Nc7+ 65. Kc6 Na8 66. Nd5 Ka7 67. Nb4 Kb8 68. Nd5 Ka7 69. Kb5 Kb8 70. Nb4 Nc7+ 71. Kc6 Na8 $11 72. Na6+ Ka7 73. Nc5 Kb8 74. Ne6 Ka7 75. Kb5 Kb7 76. Nd8+ Ka7 77. Nc6+ Kb7 78. a6+ Kc7 79. Nd4 Kd6 80. a7 Kc7 81. Ka6 Nb6 82. Nf5 Na8 83. Ne7 Kd7 84. Kb7 Nc7 85. Nc8 Kd8 86. Nb6 Na8 87. Nxa8 1-0

[Event "25th Troya Open 2017"]
[Site "Canakkale"]
[Date "2017.08.08"]
[Round "2.5"]
[White "Demirbas, Emre"]
[Black "Yasin, Hur"]
[Result "0-1"]
[ECO "A30"]
[WhiteElo "1942"]
[BlackElo "1982"]
[Annotator "NA RC"]
[PlyCount "90"]
[EventCountry "TUR"]
[SourceTitle "playchess.com"]
[Source "ChessBase"]
[SourceQuality "1"]
[TimeControl "5400+30"]

1. Nf3 c5 2. c4 Nf6 3. g3 Nc6 4. Bg2 d5 5. cxd5 Nxd5 6. O-O e5 7. Nc3 Be6 8. d3 Be7 9. Bd2 O-O {[%emt 0:03:30] A30: Symmetrical English: Double Fianchetto and Hedgehog} 10. Rc1 f6 11. a3 Qd7 {[%emt 0:04:30] LiveBook: 3 Games} 12. Re1 (12. Nxd5 Bxd5 13. Qa4 Rfd8 14. Rfe1 Kh8 15. Qh4 Rac8 16. b4 b6 17. Bh3 Be6 18. Bxe6 Qxe6 19. Rc4 Nd4 20. Nxd4 Rxd4 21. Rxd4 exd4 22. bxc5 Bxc5 {½-½ (38) Cordova,E (2637)-Zhou,J (2630) Atlantic City 2016}) 12... Rfd8 13. Qa4 $146 ({Predecessor:} 13. Ne4 b6 14. Qa4 Rac8 15. e3 Kh8 16. Red1 Bg4 17. Nc3 {0-1 (28) Koelsch,M (2220)-Donchenko,A (2417) Germany 2013}) 13... Rac8 14. Red1 a6 15. Ne4 b5 16. Qc2 g5 17. Qb1 {[%emt 0:04:30] [#]} ({Wrong is} 17. Nxc5 $2 Bxc5 18. e4 Nd4 $19) ({White should try} 17. e3 $15) 17... g4 $1 18. Ne1 Nd4 19. Kf1 Nb3 20. Rc2 b4 21. Bh6 (21. axb4 $142 Nxb4 22. Bxb4 cxb4 23. Nd2) 21... Nb6 (21... Qe8 $19 {is more deadly.} 22. axb4 Nxb4) 22. Nd2 (22. axb4 $17 cxb4 23. Rxc8 Rxc8 24. Nd2) 22... Nd4 23. Rcc1 {[%emt 0:00:30] [#]} Nf5 (23... bxa3 $1 $19 24. bxa3 Rb8) 24. Be3 Nd5 25. Nc4 Ndxe3+ 26. Nxe3 Nxe3+ 27. fxe3 Bb3 28. Nc2 (28. axb4 {was necessary.} Bxd1 29. Rxd1) 28... a5 29. Kg1 f5 30. Rf1 Bg5 31. Kh1 h5 32. Na1 (32. d4 $142) 32... Be6 33. axb4 axb4 34. e4 f4 35. gxf4 Bxf4 36. Rce1 Qe7 37. e3 Bxh2 38. Kxh2 Qh4+ 39. Kg1 g3 40. Rf5 Rf8 41. Re2 Bxf5 42. Qa2+ {[%emt 0:00:31] [#]} b3 $19 43. Qxb3+ c4 44. Qb6 cxd3 45. Re1 Qh2+ 0-1

[Event "25th Troya Open 2017"]
[Site "Canakkale"]
[Date "2017.08.08"]
[Round "2.6"]
[White "Onem, Cem"]
[Black "Karaahmetoglu, Ege"]
[Result "1/2-1/2"]
[ECO "E14"]
[WhiteElo "1819"]
[BlackElo "2086"]
[Annotator "NA RC"]
[PlyCount "87"]
[EventCountry "TUR"]
[SourceTitle "playchess.com"]
[Source "ChessBase"]
[SourceQuality "1"]
[TimeControl "5400+30"]

1. d4 Nf6 2. c4 e6 3. Nf3 d5 4. e3 Nbd7 5. Bd3 Be7 6. O-O O-O 7. Nc3 b6 8. cxd5 exd5 9. b3 Bb7 (9... Bb4 $5 10. Bb2 Bb7 $14) 10. Bb2 c5 11. Qe2 {[%emt 0:03:30] E14: Queen's Indian: Classical Variation (4 e3)} Ne4 (11... Re8 12. Ba6 Qc8 13. Bxb7 Qxb7 14. Rfd1 Rac8 15. dxc5 bxc5 16. Rac1 Nb6 17. Qc2 {½-½ (44) Rozum,I (2602)-Bocharov,D (2581) Khanty-Mansiysk 2016}) 12. Rfd1 {[%emt 0:02:30] LiveBook: 4 Games} f5 13. Ba6 Bxa6 14. Qxa6 Ndf6 15. h3 $146 ({Predecessor:} 15. dxc5 Bxc5 16. Nxd5 Ng4 17. Nf6+ gxf6 18. Rxd8 Raxd8 19. Qc4+ {1-0 (27) Brydon,D-Thurlow,K England 1986}) 15... f4 16. exf4 Nxc3 17. Bxc3 Ne4 18. Bd2 Nxd2 19. Rxd2 Rxf4 20. Rad1 Qc7 21. dxc5 Bxc5 22. Rxd5 (22. Qf1 $16) 22... Rxf3 $1 23. Rxc5 $1 Qxc5 24. gxf3 Qg5+ 25. Kf1 Rf8 26. Qc4+ Kh8 27. Qg4 Qb5+ 28. Kg2 h5 29. Qg6 Qf5 30. Qxf5 Rxf5 31. Rd4 Rf7 32. f4 g6 (32... Kh7 $14) 33. h4 Kg7 34. Kf3 Re7 35. Rd5 Kf6 36. Rd8 Re6 37. Rd7 a6 38. Ra7 b5 39. Rd7 Rc6 40. Rd3 (40. Kg3 $16) 40... Kf5 (40... Ke6 $11) 41. Rd5+ Ke6 $14 42. Rd3 Kf5 43. Rd5+ Ke6 44. Rd3 1/2-1/2

[Event "25th Troya Open 2017"]
[Site "Canakkale"]
[Date "2017.08.08"]
[Round "2.7"]
[White "Alaz, Ahmet Efekan"]
[Black "Akin, Yagiz Cinar"]
[Result "1-0"]
[ECO "D95"]
[WhiteElo "2048"]
[BlackElo "1933"]
[Annotator "NA RC"]
[PlyCount "49"]
[EventCountry "TUR"]
[SourceTitle "playchess.com"]
[Source "ChessBase"]
[SourceQuality "1"]
[TimeControl "5400+30"]

1. d4 Nf6 2. c4 g6 3. Nc3 d5 4. e3 Bg7 5. Qb3 c6 6. Nf3 O-O 7. Be2 dxc4 8. Bxc4 {[%emt 0:00:30] LiveBook: 28 Games} e6 {[%emt 0:03:30] D95: Grünfeld: 4 Nf3 Bg7 5 e3 0-0 6 Qb3} (8... b5 9. Be2 a5 10. O-O Bf5 11. Bd2 a4 12. Qd1 Nbd7 13. Nh4 Be6 14. e4 b4 15. Nxa4 Qa5 16. b3 Nxe4 {0-1 (48) Drozdovskij,Y (2614)-Motylev,A (2685) Khanty-Mansiysk 2011}) 9. e4 b5 $146 ({Predecessor:} 9... b6 10. O-O Ba6 11. Rd1 Qc8 12. e5 Nd5 13. Ne4 Bxc4 14. Qxc4 Qa6 15. Qc2 h6 16. a3 {1-0 (32) Sucic,M (1960)-Ruzic,S (1932) Sv Filip i Jakov 2008}) 10. Be2 $1 a6 11. O-O Ne8 (11... c5 $14) 12. e5 Nd7 13. Bg5 Qc7 14. Be7 ({Better is} 14. a4) 14... Nxe5 15. Bxf8 Nxf3+ 16. Bxf3 Bxf8 17. Rac1 Bb7 18. d5 exd5 19. Nxd5 Qa5 20. Ne3 Rc8 21. Rfd1 Nd6 (21... Nf6 $16 {was necessary.} 22. Qc3 Qxc3 23. Rxc3 Rc7) 22. Ng4 Kg7 23. Qe3 Kg8 $18 (23... Qd8 24. Qd2 h5) 24. Nf6+ Kh8 25. Rxd6 1-0

[Event "25th Troya Open 2017"]
[Site "Canakkale"]
[Date "2017.08.08"]
[Round "2.9"]
[White "Pisirici, Necmettin Arda"]
[Black "Ozkurt, Kutay"]
[Result "1/2-1/2"]
[ECO "A07"]
[WhiteElo "1606"]
[BlackElo "1686"]
[Annotator "NA RC"]
[PlyCount "79"]
[EventCountry "TUR"]
[SourceTitle "playchess.com"]
[Source "ChessBase"]
[SourceQuality "1"]
[TimeControl "5400+30"]

1. Nf3 d5 2. d3 Nf6 3. g3 Bg4 4. Nbd2 Nc6 5. Bg2 e5 6. O-O Bd6 7. c4 Rb8 8. cxd5 Nxd5 9. Nc4 Nf6 10. b3 O-O 11. Bb2 Re8 12. Ng5 Nd4 13. Bxd4 exd4 14. Ne4 Nxe4 15. Bxe4 Bc5 16. Nd2 Bb4 17. Bf3 h5 18. Bxg4 hxg4 19. Rc1 g6 20. Rc4 Ba5 21. b4 Bb6 22. a4 c6 23. Nb3 a6 24. Re1 Qd5 25. Qd2 Kg7 26. Qf4 Rh8 27. Qxg4 Rxh2 28. Kxh2 Rh8+ 29. Qh3 Rxh3+ 30. Kxh3 f5 31. Nc5 f4 32. Kh2 Bc7 33. Ne4 b6 34. Kg2 a5 35. bxa5 Qxa5 36. Rec1 c5 37. Kf3 Qa8 38. Rg1 Qf8 39. gxf4 Bxf4 40. Kg2 1/2-1/2

[Event "25th Troya Open 2017"]
[Site "Canakkale"]
[Date "2017.08.08"]
[Round "2.10"]
[White "Sozbir, Levent Erinc"]
[Black "Celik, Akarsu Bengi"]
[Result "0-1"]
[ECO "D46"]
[WhiteElo "1553"]
[BlackElo "1445"]
[Annotator "NA RC"]
[PlyCount "98"]
[EventCountry "TUR"]
[SourceTitle "playchess.com"]
[Source "ChessBase"]
[SourceQuality "1"]
[TimeControl "5400+30"]

1. d4 d5 2. c4 e6 3. e3 Nf6 4. Nc3 c6 5. Nf3 Be7 6. Bd3 O-O 7. O-O b6 8. e4 dxe4 9. Nxe4 Nbd7 10. Qc2 Bb7 11. Bf4 Nxe4 12. Bxe4 Nf6 13. Rfd1 Nxe4 14. Qxe4 Bf6 15. Be5 Bxe5 16. Qxe5 Re8 17. Rac1 Qe7 18. Nd2 Rad8 19. Qe3 Rd7 20. Nb3 Red8 21. Rd2 Qf6 22. Rcd1 h6 23. f3 Ba6 24. Qc3 c5 25. dxc5 Qxc3 26. bxc3 Rxd2 27. Rxd2 Rxd2 28. Nxd2 bxc5 29. Kf2 Kf8 30. Ke3 Ke7 31. Kd3 Kd6 32. f4 Bb7 33. g3 f5 34. Nf1 a5 35. Ne3 Be4+ 36. Ke2 g5 37. h4 gxf4 38. gxf4 e5 39. fxe5+ Kxe5 40. a3 h5 41. Kf2 f4 42. Nf1 Bd3 43. Nd2 a4 44. Kg2 Kf5 45. Kh3 Be2 46. Kh2 Bd3 47. Kh3 Be2 48. Kg2 Kg4 49. Ne4 Bf3+ 0-1

[Event "25th Troya Open 2017"]
[Site "Canakkale"]
[Date "2017.08.08"]
[Round "2.11"]
[White "Cakin, Hasan Ali"]
[Black "Cakin, Ahmet Burak"]
[Result "0-1"]
[ECO "D53"]
[WhiteElo "1560"]
[BlackElo "1653"]
[Annotator "NA RC"]
[PlyCount "72"]
[EventCountry "TUR"]
[SourceTitle "playchess.com"]
[Source "ChessBase"]
[SourceQuality "1"]
[TimeControl "5400+30"]

1. d4 d5 2. Nf3 Nf6 3. c4 c6 4. Nc3 e6 5. Bg5 Nbd7 6. e3 Be7 7. Bd3 dxc4 8. Bxc4 b5 9. Bd3 a6 10. O-O Bb7 11. Rc1 Rc8 12. Re1 O-O 13. e4 c5 14. e5 Nd5 15. Bxe7 Qxe7 16. Nxd5 Bxd5 17. dxc5 Rxc5 18. b3 Bxf3 19. Qxf3 Rxe5 20. Red1 Rd5 21. Be4 Rxd1+ 22. Qxd1 Nf6 23. Bb1 Rd8 24. Qc2 g6 25. Qc6 Rd6 26. Qc8+ Kg7 27. h3 Qd8 28. Qxd8 Rxd8 29. g4 b4 30. g5 Nd5 31. Kg2 Nc3 32. a3 a5 33. axb4 axb4 34. h4 Rd2 35. Kf3 Rb2 36. Bc2 Na2 0-1

[Event "25th Troya Open 2017"]
[Site "Canakkale"]
[Date "2017.08.08"]
[Round "2.12"]
[White "Koc, Serkan"]
[Black "Ozgur, Sina"]
[Result "0-1"]
[ECO "C59"]
[WhiteElo "1721"]
[BlackElo "1512"]
[Annotator "NA RC"]
[PlyCount "96"]
[EventCountry "TUR"]
[SourceTitle "playchess.com"]
[Source "ChessBase"]
[SourceQuality "1"]
[TimeControl "5400+30"]

1. e4 e5 2. Nf3 Nc6 3. Bc4 Nf6 4. Ng5 d5 5. exd5 Na5 6. Bb5+ c6 7. dxc6 bxc6 8. Be2 h6 9. Nf3 e4 10. Ne5 Bc5 11. c3 Qc7 12. d4 exd3 13. Nxd3 Bd6 14. f4 Nd5 15. Qa4 O-O 16. O-O Qb6+ 17. Qd4 Qxd4+ 18. cxd4 Re8 19. Nc3 Nxc3 20. Bh5 Ne2+ 21. Bxe2 Rxe2 22. b3 Ba6 23. Rd1 Bxd3 24. Rxd3 Re1+ 25. Kf2 Rae8 26. Kf3 Rf1+ 27. Kg4 Ree1 28. Rf3 Rg1 29. b4 Nb7 30. Rc3 Rxg2+ 31. Kh3 Rgg1 32. Rxc6 Ref1 33. Rc3 Kh7 34. a4 Bxb4 35. Rb3 a5 36. Rg3 Rh1 37. Ra2 Rxc1 38. Rag2 Bf8 39. Rb3 Rb1 40. Rc3 Rhc1 41. Re3 Nd6 42. Re5 Rc3+ 43. Kg4 Rbb3 44. Rg3 Rxg3+ 45. hxg3 Nc4 46. Re8 Bd6 47. Rc8 Rb4 48. Re8 Rxa4 0-1